 Dungeon Sprint DCSS version 0.23.2-1-ga50397a6bc (webtiles) character file.

Game seed: 4643928721639586642

9243 Kobolds4U the Imperceptible (level 11, -4/58 HPs)
             Began as a Spriggan Assassin on May 23, 2019.
             Was a High Priest of Okawaru.
             Slain by a shadow dragon (11 damage)
             ... in the Dungeon (Sprint I: "Red Sonja").
             The game lasted 00:18:43 (2705 turns).

Kobolds4U the Imperceptible (Spriggan Assassin)     Turns: 2705, Time: 00:18:44

Health: -4/58      AC:  8    Str: 12    XL:     11   Next: 20%
Magic:  15/21      EV: 35    Int: 13    God:    Okawaru [*****.]
Gold:   1190       SH: 13    Dex: 21    Spells: 10/10 levels left

rFire    + . .     SeeInvis +   a - +2 dagger
rCold    x . .     Gourm    .   s - +3 buckler {AC+3}
rNeg     + . .     Faith    .   t - +2 robe {rN+}
rPois    .         Spirit   .   (helmet restricted)
rElec    .         Reflect  .   d - +0 cloak
rCorr    .         Harm     .   (gloves unavailable)
MR       +....     NoTele   +   (boots unavailable)
Stlth    +++++++++.             (no amulet)
HPRegen  0.19/turn              w - +5 ring of strength
MPRegen  0.17/turn              r - ring of fire

@: heroism, finesse, lightly drained, very quick
A: very small, unfitting armour, see invisible, herbivore, speed 3, slow
metabolism 2
a: Heroism, Finesse, Renounce Religion


You were in the Dungeon.
You worshipped Okawaru.
Okawaru was extremely pleased with you.
You were hungry.

You visited 1 branch You collected 2414 gold pieces.
You spent 1224 gold pieces at shops.

Inventory:

Hand Weapons
 a - a +2 dagger (weapon)
 b - a +0 blowgun
 p - a +0 shortbow
Missiles
 e - 8 poisoned needles
 f - 10 curare-tipped needles
 o - 27 arrows (quivered)
Armour
 c - a +0 robe
 d - a +0 cloak (worn)
 s - a +3 buckler of protection (worn)
 t - a +2 robe of positive energy (worn)
Jewellery
 r - a ring of fire (right hand)
 w - a +5 ring of strength (left hand)
 x - an uncursed ring of protection from magic
Wands
 m - a wand of digging (7)
 u - a wand of enslavement (5)
 B - a wand of flame (12)
Scrolls
 n - 3 scrolls of enchant weapon
 v - a scroll of blinking
 y - a scroll of fear
 z - a scroll of fog
Potions
 h - 4 potions of curing
 i - a potion of heal wounds
 j - a potion of haste
 k - 2 potions of magic
 l - a potion of resistance
 A - a potion of lignification {unknown}
Miscellaneous
 q - 2 sacks of spiders
Comestibles
 g - 3 rations


   Skills:
 - Level 7.0(11.3) Fighting
 + Level 7.9(12.2) Short Blades
 - Level 2.0(6.4) Throwing
 - Level 13.8(18.0) Dodging
 - Level 24.0(26.0) Stealth
 - Level 7.2(11.5) Shields
 - Level 12.0(11.3) Invocations
 + Level 6.9(6.4) Evocations


You had 10 spell levels left.
You didn't know any spells.
Your spell library was empty.

Dungeon Overview and Level Annotations

Branches:
Dungeon (1/1)

Altars:
Cheibriados
Dithmenos
Elyvilon
Fedhas
Gozag
Hepliaklqana
Kikubaaqudgha
Makhleb
Nemelex Xobeh
Okawaru
Qazlal
Ru
Sif Muna
Trog
Uskayaw
Vehumet
Wu Jian
Xom
Yredelemnul
Zin
The Shining One
Jiyva
Lugonu

Shops:
D =![%[:??!?*%*[*[}

Annotations:
D exclusion: 4 doors


Innate Abilities, Weirdness & Mutations

You are very small and have problems with some larger weapons.
You are too small for most types of armour.
You have supernaturally acute eyesight. (SInv)
You are a herbivore.
You cover ground extremely quickly.
You need to consume almost no food.


Message History

The shadow dragon is heavily wounded.
You block the shadow dragon's attack. x2; The shadow dragon claws you!
* * * LOW HITPOINT WARNING * * *
You hit the shadow dragon but do no damage.
The shadow dragon is heavily wounded.
You hit the shadow dragon but do no damage.
The shadow dragon is heavily wounded.
You hit the shadow dragon.
The shadow dragon is heavily wounded.
You hit the shadow dragon.
The shadow dragon is heavily wounded.
The shadow dragon breathes negative energy at you.
The bolt of negative energy hits you! You partially resist.
You feel drained.
* * * LOW HITPOINT WARNING * * *
You hit the shadow dragon but do no damage.
The shadow dragon is heavily wounded.
You closely miss the shadow dragon.
The shadow dragon is heavily wounded.
The shadow dragon bites you!
You die...

##################
§§..§.§..#^^§§§§§#
§§§..##..'^§#.§§§##
#§..#######+#§§D@§#
###+# #.§§§§# #.#
##§§§§# #.. ###§##
##. #§# # +# .#
##§#§§..# ##
#§§^§§.§.#
#§§..§§§§§.
#^.§.§^§§


You could see a shadow dragon.

Vanquished Creatures
  A hydra (D)
  2 centaur warriors (D)
  Sonja (D)
  2 unseen horrors (D)
  A deep troll (D)
  A lindwurm (D)
  An oklob plant (D)
  2 kobold demonologists (D)
  A demonic crawler (D)
  A hornet (D)
  A slime creature (D)
  Sigmund (D)
  2 redbacks (D)
  A yak (D)
  13 hogs (D)
  2 floating eyes (D)
  7 necrophages (D)
  An ogre (D)
  8 jellies (D)
  Ijyb (D)
  2 ballistomycetes (D)
  A ballistomycete spore (D)
53 creatures vanquished.

Vanquished Creatures (others)
  A gargoyle (D)
  A floating eye (D)
  A ballistomycete spore (D)
3 creatures vanquished.

Grand Total: 56 creatures vanquished

Notes
Turn   | Place    | Note
-------+----------+-------------------------------------------
     0 | D        | Kobolds4U the Spriggan Assassin began the quest for the
                  | Orb.
     0 | D        | Reached XP level 1. HP: 10/10 MP: 2/2
     1 | D        | Noticed Ijyb
     4 | D        | Killed Ijyb
     4 | D        | Reached skill level 10 in Stealth
     4 | D        | Reached XP level 2. HP: 14/14 MP: 3/3
     6 | D        | Noticed an ogre
     9 | D        | Killed an ogre
     9 | D        | Reached skill level 14 in Stealth
     9 | D        | Reached XP level 3. HP: 18/18 MP: 4/4
     9 | D        | Reached XP level 4. HP: 22/22 MP: 5/5
    11 | D        | Noticed Sigmund
    14 | D        | Killed Sigmund
    14 | D        | Reached skill level 17 in Stealth
    14 | D        | Reached XP level 5. HP: 25/25 MP: 6/6
    14 | D        | Reached XP level 6. HP: 30/30 MP: 7/7
    38 | D        | Found a burning altar of Makhleb.
    38 | D        | Found a viscous altar of Jiyva.
    38 | D        | Found a shimmering altar of Xom.
    38 | D        | Found a corrupted altar of Lugonu.
    38 | D        | Noticed a slime creature
    41 | D        | Killed a slime creature
    41 | D        | Reached skill level 18 in Stealth
    43 | D        | Found an ornate altar of the Wu Jian Council.
    43 | D        | Found a deep blue altar of Sif Muna.
    45 | D        | Found a radiant altar of Vehumet.
    49 | D        | Reached skill level 19 in Stealth
    76 | D        | Found Wyug's Distillery.
    76 | D        | Found an ancient bone altar of Kikubaaqudgha.
    76 | D        | Found a hazy altar of Hepliaklqana.
    76 | D        | Found a hide-covered altar of Uskayaw.
    76 | D        | Found a basalt altar of Yredelemnul.
    76 | D        | Found an opulent altar of Gozag.
    76 | D        | Found a snail-covered altar of Cheibriados.
    76 | D        | Found a sacrificial altar of Ru.
    76 | D        | Found a shadowy altar of Dithmenos.
    76 | D        | Noticed a yak
    77 | D        | Found a stormy altar of Qazlal.
    77 | D        | Found a blossoming altar of Fedhas.
    77 | D        | Found a bloodstained altar of Trog.
    77 | D        | Found an iron altar of Okawaru.
    77 | D        | Found a glowing golden altar of the Shining One.
    77 | D        | Found a glowing silver altar of Zin.
    77 | D        | Found a white marble altar of Elyvilon.
    78 | D        | Killed a yak
    78 | D        | Reached XP level 7. HP: 36/36 MP: 8/8
    79 | D        | Found a sparkling altar of Nemelex Xobeh.
    84 | D        | Became a worshipper of Warmaster Okawaru
    97 | D        | Noticed a centaur warrior
    97 | D        | Noticed a centaur warrior
   100 | D        | Killed a centaur warrior
   100 | D        | Reached skill level 5 in Fighting
   100 | D        | Reached skill level 22 in Stealth
   100 | D        | Reached XP level 8. HP: 44/44 MP: 9/9
   101 | D        | Killed a centaur warrior
   101 | D        | Reached * piety under Okawaru
   101 | D        | Reached skill level 23 in Stealth
   114 | D        | Noticed a hornet
   117 | D        | Killed a hornet
   117 | D        | Reached ** piety under Okawaru
   117 | D        | Reached skill level 10 in Dodging
   117 | D        | Reached XP level 9. HP: 50/50 MP: 9/12
   120 | D        | Noticed an oklob plant
   122 | D        | Killed an oklob plant
   122 | D        | Reached skill level 5 in Invocations
   169 | D        | Noticed an unseen horror
   170 | D        | Noticed an unseen horror
   176 | D        | Killed an unseen horror
   176 | D        | Reached *** piety under Okawaru
   178 | D        | Killed an unseen horror
   178 | D        | Reached skill level 10 in Invocations
   211 | D        | Noticed a deep troll
   258 | D        | Killed a deep troll
   258 | D        | Reached **** piety under Okawaru
   258 | D        | Reached XP level 10. HP: 7/55 MP: 16/19
   304 | D        | Found Gamoqu's Armour Emporium.
   309 | D        | Bought a +0 buckler of protection for 149 gold pieces
   309 | D        | Bought a +2 robe of positive energy for 191 gold pieces
   541 | D        | Noticed Sonja
   544 | D        | Killed Sonja
   561 | D        | Found Gaxt's Jewellery Boutique.
  1193 | D        | Reached skill level 5 in Short Blades
  1193 | D        | Reached skill level 24 in Stealth
  1237 | D        | Killed a gargoyle
  1247 | D        | Found Bannudi's Food Shoppe.
  1247 | D        | Found Giypnebb's Antique Armour Shop.
  1247 | D        | Found Syin's Antique Armour Boutique.
  1249 | D        | Found Qeacs's Book Emporium.
  1249 | D        | Found Haur's Magic Scroll Shop.
  1249 | D        | Found Yteone's Magic Scroll Shoppe.
  1249 | D        | Found Gumadgho's Distillery.
  1249 | D        | Found Qeotanol's Magic Scroll Emporium.
  1249 | D        | Found Suoxieku's General Store.
  1249 | D        | Found Obajuhaf's Food Shoppe.
  1252 | D        | Found Jireigin's Assorted Antiques.
  1253 | D        | Found Uhiaf's General Store.
  1253 | D        | Found Qaufruc's Antique Armour Boutique.
  1254 | D        | Found Oterrech's Gadget Emporium.
  1260 | D        | Bought a scroll labeled QYHAJAQ WITUPN for 26 gold pieces
  1266 | D        | Bought a glowing emerald ring for 130 gold pieces
  1266 | D        | Bought a knobbly golden ring for 130 gold pieces
  1274 | D        | Bought a scroll of fear for 35 gold pieces
  1277 | D        | Bought a scroll of fog for 28 gold pieces
  1279 | D        | Bought a scroll of enchant weapon for 105 gold pieces
  1280 | D        | Bought a scroll of enchant armour for 75 gold pieces
  1280 | D        | Bought a scroll of enchant armour for 75 gold pieces
  1280 | D        | Bought a scroll of enchant weapon for 75 gold pieces
  1323 | D        | Bought a potion of resistance for 130 gold pieces
  1362 | D        | Bought a scroll of blinking for 75 gold pieces
  1711 | D        | Reached ***** piety under Okawaru
  1711 | D        | Reached skill level 1 in Evocations
  1968 | D        | Noticed a lindwurm
  1972 | D        | Killed a lindwurm
  1972 | D        | Received a gift from Okawaru
  1980 | D        | Reached skill level 5 in Shields
  2019 | D        | Reached skill level 5 in Evocations
  2019 | D        | Reached XP level 11. HP: 46/58 MP: 21/21
  2484 | D        | Noticed a 12-headed hydra
  2502 | D        | Killed a 12-headed hydra
  2608 | D        | Noticed a shadow dragon
  2608 | D        | Noticed a golden dragon
  2705 | D        | Slain by a shadow dragon

Skill      XL: |  1  2  3  4  5  6  7  8  9 10 11 |
---------------+----------------------------------+-----
Stealth        | 10 14 17 19 22 23 24 | 24.0
Dodging        | 7 9 10 13 | 13.8
Fighting       | 3 5 7 |  7.0
Invocations    | 3 10 12 | 12.0
Shields        | 5 7 |  7.2
Short Blades   | 6 7 |  7.9
Evocations     | 5 6 |  6.9
Throwing       | |  2.0

Action                   |  1- 3 |  4- 6 |  7- 9 | 10-12 || total
-------------------------+-------+-------+-------+-------++-------
Melee: Dagger            |     2 |     4 |    27 |   491 ||   524
 Fire: Blowgun           |       |       |     7 |     3 ||    10
Invok: Heroism           |       |       |     1 |     1 ||     2
       Finesse           |       |       |       |     1 ||     1
Evoke: Wand              |       |       |       |     2 ||     2
       Sack of spiders   |       |       |       |     2 ||     2
  Use: Scroll            |       |       |     1 |     7 ||     8
       Potion            |       |       |     1 |       ||     1
 Stab: Sleeping          |     2 |     4 |     8 |    15 ||    29
       Distracted        |       |       |       |     4 ||     4
       Paralysed         |       |       |       |     1 ||     1
Armor: Robe              |       |       |       |    18 ||    18
Dodge: Dodged            |       |       |    29 |   338 ||   367
Block: Buckler           |       |       |       |   155 ||   155
